 Dungeon Crawl Stone Soup version 0.28-a0-851-g8b9cc49659 (webtiles) character file.

Game seed: 4550743332566867733

739 sanka the Ruffian (level 7, -4/51 HPs)
             Began as a Palentonga Transmuter on Nov 14, 2021.
             Was an Initiate of Okawaru.
             Slain by a gnoll sergeant (9 damage)
             ... on level 5 of the Dungeon.
             The game lasted 00:09:56 (6252 turns).

sanka the Ruffian (Palentonga Transmuter)           Turns: 6252, Time: 00:09:56

Health: -4/51      AC:  2    Str: 14    XL:     7   Next: 46%
Magic:  5/10       EV: 18    Int: 14    God:    Okawaru [......]
Gold:   115        SH:  0    Dex: 16    Spells: 4/10 levels left

rFire   . . .      SeeInvis +     - Unarmed
rCold   . . .      Faith    .   (shield currently unavailable)
rNeg    . . .      Spirit   .   (armour currently unavailable)
rPois   x          Reflect  .   (helmet currently unavailable)
rElec   .          Harm     .   (cloak currently unavailable)
rCorr   .          Rampage  .   (gloves currently unavailable)
Will    +....                   (no barding)
Stlth   +.........              (no amulet)
HPRegen 0.17/turn               s - ring of willpower
MPRegen 0.12/turn               (no ring)

@: lethally poisoned (-4 -> -25), spider-form
A: venomous fangs, tiny, rugged brown scales 3, see invisible, (deformed body),
(roll 1), (armoured tail), (reflexive curl)
a: End Transformation, Renounce Religion


You were on level 5 of the Dungeon.
You worshipped Okawaru.
Okawaru was noncommittal.
You were a venomous arachnid creature.
You visited 2 branches of the dungeon, and saw 6 of its levels.

You collected 115 gold pieces.


Innate Abilities, Weirdness & Mutations

You are a venomous arachnid creature.
You have poisonous fangs.
You are tiny and dextrous.
Your spellcasting is less reliable in this form.
Your armour is entirely melded.
You are incapable of wielding weapons or throwing items.
(You are completely covered in rugged brown scales. (AC +3, +7% HP))
You have supernaturally acute eyesight. (SInv)
((Armour fits poorly on your strangely shaped body.))
((You can roll at nearby foes to attack.))
((You have a long armoured tail.))
((You curl defensively after being hit. (AC +7*)))


   Skills:
 - Level 1.0 Fighting
 - Level 1.5 Dodging
 + Level 6.1 Unarmed Combat
 - Level 2.0 Spellcasting
 - Level 6.0 Transmutations
 - Level 2.0 Poison Magic


You had 4 spell levels left.
You knew the following spells:

 Your Spells              Type           Power      Damage    Failure   Level
x - Spider Form           Tmut/Pois      12%        N/A       32%         3
y - Wereblood             Tmut           18%        N/A       11%         2
z - Beastly Appendage     Tmut           36%        N/A       8%          1

Your spell library contained the following spells:

 Spells                   Type           Power      Damage    Failure   Level
 Ice Form                 Ice/Tmut       9%         N/A       77%         4

Inventory:

Missiles
 i - 31 poisoned darts
 t - a throwing net {=f}
Armour
 a - a +0 robe (melded)
 f - a +1 cloak of preservation (melded)
 o - a +0 helmet (melded)
Jewellery
 s - a ring of willpower (left front leg)
Wands
 e - a wand of flame (22)
Scrolls
 b - a scroll of silence {!r}
 d - 2 scrolls of noise {!r}
 k - a scroll of vulnerability {unknown}
 n - a scroll of amnesia
 q - a scroll of fear {unknown}
 r - 3 scrolls of enchant weapon
Potions
 c - a potion of attraction {unknown}
 g - 2 potions of haste {unknown}
 h - a potion of cancellation {unknown}
 j - a potion of mutation {unknown}
 l - a potion of lignification {unknown}
 m - a potion of curing {@q1}
 p - a potion of heal wounds {unknown}

Dungeon Overview and Level Annotations

Branches:
Dungeon (5/15)             Temple (1/1) D:5

Altars:
Cheibriados
Dithmenos
Elyvilon
Fedhas
Gozag
Kikubaaqudgha
Nemelex Xobeh
Okawaru
Qazlal
Sif Muna
Trog
Vehumet
Wu Jian
Xom
Yredelemnul
The Shining One

....▒▒.▒.▒.▒.▒.▒.▒▒▒▒ ..
▒...▒ ▒...)..........▒
..▒▒..▒ ▒.▒)......▒.....
...... ▒...........▒.▒▒
..>... ▒▒.▒...>...▒.▒▒▒
......▒ ▒............▒▒
.......▒▒..▒....(..▒..▒
.......▒..............▒▒▒
......ggs..▒.▒.▒.▒.▒.....
.....[.▒▒▒...............
....... ▒▒..........▒...
..▒.... ▒.......▒..▒▒...
. ▒..▒▒ ▒▒......▒.......
▒▒▒ ▒▒▒▒▒.....<.▒.▒
▒.......▒ ▒........▒▒
.........▒


You could see a gnoll sergeant (extremely poisoned) and a gnoll.


Message History

A gnoll comes into view. It is wielding a +0 flail.
The gnoll sergeant closely misses you.
Things that are here:
a +0 whip; a gnoll corpse You hit the gnoll sergeant.
The gnoll sergeant is lightly wounded.
The gnoll sergeant barely misses you.
You bite the gnoll sergeant!
The gnoll sergeant is poisoned.
The gnoll sergeant is moderately wounded.
The gnoll sergeant hits you with a +2 trident of venom!
You are lethally poisoned!
You completely miss the gnoll sergeant.
The gnoll sergeant is moderately wounded.
You feel extremely sick. The gnoll hits you with a +0 flail.
The gnoll sergeant barely misses you.
Unknown command.
You hit the gnoll sergeant.
The gnoll sergeant looks as sick as possible!
The gnoll sergeant is heavily wounded.
* * * LOW HITPOINT WARNING * * *
You feel very sick. The gnoll hits you with a +0 flail!
* * * LOW HITPOINT WARNING * * *
The gnoll sergeant completely misses you.
* * * LOW HITPOINT WARNING * * *
You feel very sick.
The gnoll sergeant hits you from afar with a +2 trident of venom!
You die...

Action                   |  1- 3 |  4- 6 |  7- 9 || total
-------------------------+-------+-------+-------++-------
Melee: Unarmed           |    87 |   107 |    60 ||   254
       Kick              |    13 |     8 |       ||    21
       Tailslap          |    10 |     6 |     1 ||    17
       Headbutt          |     5 |     8 |       ||    13
       Punch             |       |     3 |       ||     3
 Cast: Beastly Appendage |    22 |    14 |       ||    36
       Spider Form       |     1 |     7 |    14 ||    22
 Abil: Rolling Charge    |     3 |       |       ||     3
  Use: Scroll            |       |       |     4 ||     4
 Stab: Sleeping          |     2 |       |       ||     2
Armor: Robe              |    28 |    33 |     5 ||    66
       Skin              |       |       |     1 ||     1
Dodge: Dodged            |    35 |    61 |    42 ||   138

Levels and vault maps discovered:
D:1:      shiori_arrival_oz, layout_loops_ring, st_stairs_6
D:2:      layout_basic, uniq_terence
D:3:      layout_loops_corners, shapermc_ecumenical_altar_hornbeckon,
          lemuel_flame_loot_1, uniq_jessica, uniq_sigmund, uniq_grinder,
          uniq_robin
D:4:      layout_cave_pools
D:5:      layout_cave_pools, old_standard_altar, minmay_temple_entry_glass,
          serial_column_ruins, column_ruins_courtyard_long, column_ruins_hut,
          column_ruins_corridor_corner, column_ruins_open_tiny,
          column_ruins_grid_2, column_ruins_corridor_straight,
          hangedman_decor_slide_cut
Temple:   nicolae_temple_elliptical

Notes
Turn   | Place    | Note
-------+----------+-------------------------------------------
     0 | D:1      | sanka the Palentonga Transmuter began the quest for the
                  | Orb.
     0 | D:1      | Reached XP level 1. HP: 16/16 MP: 3/3
   367 | D:1      | Reached XP level 2. HP: 22/22 MP: 3/5
   502 | D:1      | Reached skill level 3 in Transmutations
   763 | D:1      | Reached XP level 3. HP: 18/27 MP: 4/6
   861 | D:1      | Learned a level 2 spell: Wereblood
   865 | D:1      | Learned a level 3 spell: Spider Form
  1675 | D:2      | Noticed Terence
  1850 | D:2      | Killed Terence
  1851 | D:2      | Reached skill level 1 in Poison Magic
  2058 | D:2      | Reached skill level 4 in Transmutations
  2058 | D:2      | Reached XP level 4. HP: 34/34 MP: 5/7
  2869 | D:3      | Noticed Robin
  2891 | D:3      | Killed Robin
  2929 | D:3      | HP: 2/34 [goblin[Robin] (4)]
  3369 | D:3      | Noticed a scorpion
  3379 | D:3      | Killed a scorpion
  3380 | D:3      | Reached skill level 2 in Poison Magic
  3380 | D:3      | Reached XP level 5. HP: 30/39 MP: 4/8
  3462 | D:3      | Noticed Jessica
  3466 | D:3      | Killed Jessica
  3467 | D:3      | Reached skill level 5 in Transmutations
  3567 | D:3      | Noticed Sigmund
  3583 | D:3      | Killed Sigmund
  3584 | D:3      | Reached skill level 6 in Transmutations
  3584 | D:3      | Reached XP level 6. HP: 31/46 MP: 3/9
  3703 | D:3      | Reached skill level 4 in Unarmed Combat
  3757 | D:3      | Noticed Grinder
  4001 | D:3      | Killed Grinder
  4002 | D:3      | Reached skill level 5 in Unarmed Combat
  4002 | D:3      | Gained mutation: You curl defensively after being hit. (AC
                  | +7*) [Palentonga growth]
  4002 | D:3      | Reached XP level 7. HP: 26/51 MP: 5/10
  4447 | D:3      | Found a faded altar of an unknown god.
  5372 | D:5      | Entered Level 5 of the Dungeon
  5374 | D:5      | Found a staircase to the Ecumenical Temple.
  5391 | Temple   | Entered the Ecumenical Temple
  5539 | Temple   | Became a worshipper of Warmaster Okawaru
  5607 | Temple   | HP: 4/51 [iguana (11)]
  5609 | Temple   | Reached skill level 6 in Unarmed Combat
  6252 | D:5      | HP: 5/51 [poisoned by a gnoll sergeant]
  6252 | D:5      | Slain by a gnoll sergeant

Vanquished Creatures
  Grinder (D:3)
  Sigmund (D:3)
  A scorpion (D:3)
  A wyvern skeleton (D:3)
  A jelly (D:4)
  A bullfrog skeleton (D:4)
  An iguana (Temple)
  Jessica (D:3)
  Terence (D:2)
  Robin (D:3)
  2 adders
  3 gnolls (D:5)
  A worm (D:2)
  2 orcs
  9 ball pythons
  7 bats
  5 endoplasms
  4 giant cockroaches
  12 goblins
  12 hobgoblins
  6 jackals
  7 kobolds
  4 quokkas
  A frilled lizard (D:2)
  2 rats
87 creatures vanquished.

Vanquished Creatures (others)
  A goblin (D:3)
  6 fungi (D:3)
  2 plants (D:3)
9 creatures vanquished.

Grand Total: 96 creatures vanquished
